 Dungeon Crawl Stone Soup version 0.31-a0-1-g4198be8af4 (webtiles) character file.

Game seed: 3878889823799140978

301 BigDaddyOpFi the Shield-Bearer (level 6, -4/49 HPs)
             Began as a Formicid Fighter on May 2, 2023.
             Slain by a killer bee (6 damage)
             ... on level 4 of the Dungeon.
             The game lasted 00:03:04 (2376 turns).

BigDaddyOpFi the Shield-Bearer (Formicid Fighter)   Turns: 2376, Time: 00:03:04

Health: -4/49      AC: 15    Str: 24 (26) XL:     6   Next: 64%
Magic:  6/6        EV:  6    Int:  3 (5)  God:
Gold:   213        SH: 10    Dex: 15 (16) Spells: 5/5 levels left

rFire   . . .        a - +1 war axe (spect)
rCold   . . .        c - +0 buckler
rNeg    . . .        k - +2 plate armour
rPois   .            (helmet unavailable)
rElec   .            t - +0 cloak
rCorr   .            (no gloves)
SInv    +            (no boots)
Will    .....        s - amulet of reflection Stlth
                     (no ring)
HPRegen 0.28/turn    (no ring)
MPRegen 0.10/turn

%: reflection
@: lethally poisoned (-4 -> -14), attractive
A: permanent stasis, dig shafts and tunnels, antennae 3, four strong arms, agile
1, strong 1
a: Dig, Shaft Self


You were on level 4 of the Dungeon.
You visited 1 branch of the dungeon, and saw 4 of its levels.

You collected 213 gold pieces.

Inventory:

Hand Weapons
 a - a +1 spectral war axe (weapon)
 n - the +5 mace "Uhaorhia" {drain, Dex+5}
   (You found it on level 3 of the Dungeon)

   Dex:       It affects your dexterity (+5).
 o - a +2 flail of holy wrath
Missiles
 m - a throwing net
Armour
 c - a +0 buckler (worn)
 k - a +2 plate armour (worn)
 l - the +3 leather armour "Gelonem" {Harm Fly Str-5}
   (You found it on level 3 of the Dungeon)

   Str:       It affects your strength (-5).
   Fly:       It grants you flight.
   Harm:      It increases damage dealt and taken.
 t - a +0 cloak (worn)
Jewellery
 s - an amulet of reflection (around neck)
Wands
 e - a wand of light (8)
 v - a wand of flame (10)
Scrolls
 h - 2 scrolls of immolation
 j - a scroll of blinking
 p - a scroll of identify
 r - a scroll of fog
Potions
 d - 2 potions of might
 g - 2 potions of mutation
 i - a potion of attraction
 u - a potion of brilliance {unknown}
 w - a potion of lignification {unknown}


   Skills:
 + Level 4.7 Fighting
 + Level 3.6 Axes
 + Level 4.7 Armour
 + Level 5.6 Shields


You had 5 spell levels left.
You didn't know any spells.
Your spell library contained the following spells:

 Spells                   Type           Power      Damage    Failure   Level
 Cigotuvi's Dreadful Rot  Necr/Pois/Air  0%         N/A       100%        2
 Dispel Undead            Necr           0%         3d6       100%        4
 Manifold Assault         Tloc           0%         N/A       100%        4
 Death Channel            Necr           0%         N/A       100%        6
 Storm Form               Tmut/Air       0%         N/A       100%        7
 Blink                    Tloc           Unusable   N/A       N/A         2

Dungeon Overview and Level Annotations

Branches:
Dungeon (4/15)
 Temple: D:4-7

Altars:
Fedhas
Trog
Xom
Zin

Shops:
D:1 *


Innate Abilities, Weirdness & Mutations

You cannot be hasted, slowed, berserked, paralysed or teleported.
You can dig through walls and to a lower floor.
You have a pair of large antennae on your head. (SInv)
Your four strong arms can wield two-handed weapons with a shield.
You are agile. (Dex +4, Str/Int -1)
Your muscles are strong. (Str +4, Int/Dex -1)


Message History

The killer bee barely misses you. The killer bee closely misses you.
The killer bee stings you.
You are lethally poisoned!
The killer bee poisons you! You block the killer bee's attack.
The killer bee closely misses you. You block the killer bee's attack.
It was a potion of attraction.
You feel attractive to monsters.
* * * LOW HITPOINT WARNING * * *
You feel very sick.
The killer bee stings you but does no damage.
The killer bee barely misses you. You block the killer bee's attack.
The killer bee barely misses you. You block the killer bee's attack.
The killer bee stings you.
* * * LOW HITPOINT WARNING * * *
You are more poisoned.
The killer bee poisons you!
As you read the scroll of summoning, it crumbles to dust.
Wisps of shadow whirl around you...
* * * LOW HITPOINT WARNING * * *
You feel very sick.
The killer bee stings you but does no damage. x3
The adder closely misses you. You block the killer bee's attack. x2
The killer bee stings you but does no damage.
You block the adder's attack.
It was a potion of magic.
Magic courses through your body.
* * * LOW HITPOINT WARNING * * *
You feel very sick. You block the killer bee's attack. x2
The killer bee stings you but does no damage.
You block the killer bee's attack. The killer bee barely misses you.
The killer bee stings you but does no damage.
The adder bites you but does no damage.
Your iguana misses the killer bee.
Your orc closely misses the killer bee.
Your hobgoblin hits the adder.
It was a potion of degeneration.
There was something very wrong with that liquid.
You feel weakened.
You feel dopey.
You feel clumsy.
* * * LOW HITPOINT WARNING * * *
You feel very sick. You block the killer bee's attack.
The killer bee stings you.
You die...

##...........#.#.#
...###.##....#.#.#
....##.#.......#.###.#
.....# ###...##......#
.....#...........#####
.....##########..#
#+##.........o.o.#
###########oo#
#.....ly@#
#.#####ySy..#
#..g†......
#......>...
#..........
#..........
#..........
#..........


You could see 3 killer bees, an adder (ally target), a friendly iguana
(summoned), a friendly orc priest (summoned), 2 friendly orc wizards, a friendly
orc (summoned) and a friendly hobgoblin (summoned).

Vanquished Creatures
  2 killer bees (D:4)
  2 orc priests (D:3)
  3 gnolls (D:2)
  4 adders
  A worm (D:2)
  3 dart slugs
  3 orcs
  7 ball pythons
  4 bats (D:1)
  4 endoplasms (D:3)
  A giant cockroach (D:3)
  4 goblins
  8 hobgoblins
  12 jackals
  6 kobolds
  4 quokkas (D:1)
  5 frilled lizards
  5 rats
78 creatures vanquished.

Notes
Turn   | Place    | Note
-------+----------+-------------------------------------------
     0 | D:1      | BigDaddyOpFi the Formicid Fighter began the quest for the
                  | Orb.
     0 | D:1      | Reached XP level 1. HP: 18/18 MP: 1/1
    77 | D:1      | Found Coiwnuge's General Store.
   165 | D:1      | Reached XP level 2. HP: 23/24 MP: 2/2
   255 | D:1      | Reached XP level 3. HP: 29/29 MP: 3/3
   670 | D:2      | Reached XP level 4. HP: 37/37 MP: 4/4
  1225 | D:2      | Reached XP level 5. HP: 42/42 MP: 5/5
  1359 | D:3      | Found a shimmering altar of Xom.
  1360 | D:3      | Noticed an angel
  1362 | D:3      | Found a glowing silver altar of Zin.
  1382 | D:3      | Identified the +3 leather armour "Gelonem" {Harm Fly Str-5}
  1410 | D:3      | Identified the +5 mace "Uhaorhia" {drain, Dex+5}
  1428 | D:3      | Reached skill level 5 in Shields
  1616 | D:3      | Found a bloodstained altar of Trog.
  1694 | D:3      | Reached XP level 6. HP: 49/49 MP: 6/6
  2294 | D:4      | Found a blossoming altar of Fedhas.
  2372 | D:4      | Gained mutation: You are agile. (Dex +4, Str/Int -1)
                  | [potion of mutation]
  2372 | D:4      | Gained mutation: Your muscles are strong. (Str +4, Int/Dex
                  | -1) [potion of mutation]
  2376 | D:4      | HP: 2/49 [poisoned by a killer bee]
  2376 | D:4      | Slain by a killer bee

Illustrated notes

Levels and vault maps discovered:
D:1:      ebering_hopf_link, layout_basic, serial_shops, shop_fountains
D:2:      layout_loops_ring
D:3:      layout_loops_ring, grunt_temple_overflow_order_and_chaos_1,
          general_overflow_altar
D:4:      layout_basic, kennysheep_little_box, corner_web_ring

Skill      XL: |  1  2  3  4  5 |
---------------+----------------+-----
Armour         | 4 |  4.7
Fighting       | 4 |  4.7
Axes           | 3 |  3.6
Shields        | 5 |  5.6

Action                     |  1- 3 |  4- 6 || total
---------------------------+-------+-------++-------
  Melee: War axe           |    84 |    89 ||   173
    Use: Scroll            |     4 |     8 ||    12
         Potion            |       |     4 ||     4
   Stab: Distracted        |       |     1 ||     1
 Armour: Scale mail        |    37 |       ||    37
         Plate armour      |     6 |    47 ||    53
  Dodge: Dodged            |    53 |    30 ||    83
  Block: Buckler           |    33 |    40 ||    73
         Reflection        |       |     3 ||     3

Table legend: (Time is in decaauts)
 A = Elapsed time spent in this place.
 B = Non-inter-level travel time spent in this place.
 C = Inter-level travel time spent in this place.
 D = Time resting spent in this place.
 E = Time spent auto-exploring this place.
 F = Levels seen in this place.
 G = Mean time per level.
                   A        B        C        D        E       F      G
               +--------+--------+--------+--------+--------+-----+--------+
         Total |   2443 |   2372 |     71 |      0 |   1810 |   4 |  610.8 |
       Dungeon |   2443 |   2372 |     71 |      0 |   1810 |   4 |  610.8 |
               +--------+--------+--------+--------+--------+-----+--------+

Top non-repeatable levels by time:
     D:2: 784 daAuts
     D:3: 744 daAuts
     D:1: 565 daAuts
     D:4: 348 daAuts
